Workbook
Name ArtMaßnahme: #REF!
Name ArtMaßnahme: #REF!
Name ArtMaßnahme: #REF!
Name ArtMaßnahme: #REF!
Name ArtMaßnahme: #REF!
Name ArtMaßnahme: #REF!
Name ArtVeranstaltung: #REF!
Name ArtVeranstaltung: #REF!
Name ArtVeranstaltung: #REF!
Name ArtVeranstaltung: #REF!
Name ArtVeranstaltung: #REF!
Name ArtVeranstaltung: #REF!
Name fdhslgfslghj: #REF!
Name kkkk: #REF!
Name kkkk: #REF!
Name kkkk: #REF!
Name kkkk: #REF!
Name kkkk: #REF!
Name kkkk: #REF!
Name ldflg: #REF!
Name lfhalgkh: #REF!
Name Print_Area: '0 Anleitung'!$D$34:$X$65
Name Print_Area: '1 Antragsteller-DATEN'!$D$54:$S$93
Name Print_Area: '2 Antrag'!$D$42:$X$194
Name Print_Area: '3.1 Abrechnung-DATEN'!$D$42:$X$194
Name Print_Titles: '0 Anleitung'!$D:$L
Name Print_Titles: '1 Antragsteller-DATEN'!$D:$G
Name Print_Titles: '2 Antrag'!$D:$L
Name Print_Titles: '3.1 Abrechnung-DATEN'!$D:$L

Sheet 0 Anleitung
D3: ANLEITUNG - Datei Richtlinie A
AB4: ='ROHDATEN und ADRESSEN'!B17 -> Dateiversion: 15.12.2025
D7: Arbeiten mit den Excel-Arbeitsblättern (Registern)
D9: Excel ist eine Tabellenkalkulationsprogramm das umfangreiche Berechnungen ermöglicht, über Datenbankfunktionen verfügt und Texte miteinander verketten kann.
D10: Der Arbeitsbereich einer Excel-Datei gliedert sich in Arbeitsblätter (Register), die Arbeitsblätter bestehen aus Zellen in die Daten oder auch Texte eingegeben werden können.
D11: Excel kann mit den Zellinhalten Berechnungen, Verkettungen oder Zuordnungen durchführen.
D13: Die Arbeitsblätter (Register) können mit dem Mauszeiger (Cursor) ausgewählt werden, die Register werden am unteren Rand des Excel-Arbeitsfensters angezeigt.
D14: Mit dem Mauszeiger auf das gewünschte Arbeitsblatt zeigen und mit Klick auf die linke Maustaste auswählen. Zwischen den Arbeitsblättern kann beliebig gewechselt werden.
D21: Die vorliegende Excel-Datei gliedert sich in folgende Arbeitsblätter, sie führen durch den Prozess der Beantragung und Abrechnung von Maßnahmen gemäß Richtlinie A (RL A).
E23: 0 Anleitung
E25: Hier sind Hinweise zur Nutzung der Excel-Datei zu finden.
E27: 1 Antragssteller-DATEN
E29: Dieses Arbeitsblatt dient ausschließlich der Dateneingabe, es soll nicht ausgedruckt werden.
E30: In diesem Arbeitsblatt wird festgelegt, ob es sich bei dem Antragsteller (Träger der Maßnahme) um einen Mitgliedsverband oder einen sonstigen freien Träger der Jugendhilfe handelt, der Adressat
E31: für Anträge und Abrechnungen wird entsprechend festgelegt. Der Antragsteller muss seine Adresse, eine Kontaktperson sowie die Bankverbindung eintragen.
E33: 2 Antrag
E35: Mit diesem Arbeitsblatt wird der Antrag auf Bezuschussung der Freizeitmaßnahme gemäß Richtlinie A gestellt. Antrag nicht ausdrucken, Datei digital per E-Mail übermitteln!
E36: In diesem Arbeitsblatt müssen Daten der Maßnahme wie Art der Maßnahme, Datum, Anzahl der Teilnehmen*innen und Betreuer*innen sowie eine mögliche Individualförderung eingetragen werden.
E37: Die Standards zum Kinderschutz und die Fördergrundsätze des KJR müssen durch Ankreuzen bestätigt werden.
E38: Für einen Antrag ist es erforderlich, dass im Arbeitsblatt "1 Antragsteller-DATEN" alle Daten eingetragen sind.
E40: 3.1 Abrechnung-DATEN
... E50: Dateneingaben sind nicht möglich, die Zellen sind gesperrt und füllen sich automatisch mit den Daten aus den Arbeitsblättern "1 Antragsteller-DATEN" und "3.1 Abrechnung-DATEN".
D54: Eingabe von Daten
D56: Für die Eingabe von Daten sind folgende Arbeitsblätter vorgesehen:
E58: 1 Antragssteller-DATEN
E60: 2 Antrag
E62: 3.1 Abrechnung-DATEN
D64: Die Eingabe von Daten ist ausschließlich für weiße Eingabefelder vorgesehen und nur dort möglich, die Zellen sind entsprechend auszuwählen.
D66: Beispiele für Eingabefelder: | N66: Max | S66: Mustermann
N67: Vorname | S67: Name
N70: 00000 | Q70: Musterstadt
N71: PLZ | Q71: Ort
D73: Die Arbeitsblätter "2 Antrag" und "3.1 Abrechnung-Daten" sind weitgehend identisch, dies erleichtert das "Finden" von Datenfeldern und das Weiterverarbeiten der Daten.
D74: Dadurch, dass beide Arbeitsblätter weitgehend indentisch sind, gibt es in den Arbeitsblättern Eingabefelder, die für den jeweiligen Prozess der Beantragung bzw. Abrechnung nicht notwendig sind,
D75: sie können übersprungen werden. Daten, die für den jeweiligen Prozess benötigt werden, sind wie folgt markiert: die Bezeichnung ist "fett" geschrieben und mit einem * versehen, die Zeile
D76: dunkelgrau hinterlegt. Die Bezeichnung von Daten, die für den jeweiligen Prozess nicht benötigt werden, ist in heller und nicht fetter Schrift geschrieben.
D78: Beispiel für die Markierung von Eingabefeldern
D80: Eingabemaske "Veranstaltung" des Arbeitsblattes "2 Antrag" (Prozess der Beantragung)
D83: Status der Maßnahme [Dropdown] | K83: i
D85: Art der Maßnahme * [Dropdown] | K85: i | N85: a. Freizeitmaßnahme im eigenen Haus oder Zeltlager im Inland oder Freizeitmaßnahme ohne Übernachtung
D88: Für den Prozess der Beantragung ist die Angabe der "Art der Maßnahme" erforderlich und entsprechend markiert, die Angabe des "Status der Maßnahme" ist für die Beantragung nicht erforderlich.
D90: Dropdownlisten
D92: Bei einigen Eingabefeldern müssen die Eingabewerte aus einer vorgegebene Liste (Dropdownliste) ausgewählt werden. Diese Felder sind mit dem Hinweis "[Dropdown]" gekennzeichnet.
D93: Das Eingabefeld auswählen und mit dem Mauszeiger und einem Klick auf die linke Maustaste die Auswahlliste öffnen, nun den gewünschten Wert mit dem Mauszeiger und einem weiteren Klick
D94: auf die linke Maustaste auswählen. In diesem Beispiel füllen sich die gelben Felder nach der Wahl des Mitgliedsverbandes mit den Daten des Adressaten für die Anträge und Abrechnungen.
D105: Automatisch füllende Felder
D107: Felder, die sich während der Bearbeitung automatisch mit Daten füllen, sind ähnlich wie Eingabefelder gestaltet und gelb unterlegt. Manuelle Dateneingaben sind dort nicht möglich.
D108: Diese Felder zeigen z. B. den Adressaten und die Fristen für Anträge und Abrechnungen sowie die Ergebnisse automatischer Berechnungen an.
D109: Einige Felder füllen sich automatisch mit Warnhinweisen, wenn unzulässige Werte eingetragen werden.
D111: Beispiele für automatisch füllende Felder:
D113: Adressat für Anträge und Abrechnungen (die Felder füllen sich automatisch nach der Wahl des zuständigen Mitgliedsverbandes).
D116: PLZ, Ort | N116: 00000 | Q116: Musterstadt
N117: PLZ | Q117: Ort
D119: Berechnung der Veranstaltungstage (das Ergebnis wird automatisch berechnet, sobald das Start- und Enddatum der Maßnahme eingetragen werden).
D122: Datum / Veranstaltungstage * | K122: i | N122: 45658 | P122: - | Q122: 45662 | AA122: 5 | AD122: Tag[e]
N123: am / von | Q123: bis
D125: Warnhinweis, dass die Anzahl der individuell geförderten Teilnehmer*innen 50 % der Gesamtteilnehmerzahl übersteigt sowie Berechnung der Gesamtzahl der förderfähigen Teilnehmer*innen.
D128: Förderfähige Teilnehmer*innen * | K128: i | N128: 5 | Q128: 5 | U128: 1 | AA128: 11 | AD128: Förderfähige Teilnehmer*innen - gesamt
N129: weibl. | Q129: männl. | U129: divers
D131: davon Teilnehmer*innen mit Individualförderung * | K131: i | N131: 6 | Q131: davon Teilnehmer*innen mit Individualförderung | AA131: Die Anzahl der maximal förderfähigen Teilnehmer*innen mit Individualförderung ist überschritten!
D134: Berechnung der Summe der regulären Teilnahmebeiträge (das Ergebnis wird automatisch berechnet, wenn der Beitrag und die Anzahl eingetragen werden).
D137: Reguläre Teilnahmebeiträge * | K137: i | N137: 50 | Q137: 14 | AA137: 700 | AD137: Gesamtbetrag Reguläre Teilnahmebeiträge
N138: Beitrag | Q138: Anzahl
D140: Berechnung der Gesamtsumme aller Ausgaben (das Ergebnis wird automatisch aus den Positionen der Belegliste berechnet sobald dort Eintragungen vorgenommen werden).
M142: C & P Bereich Belegliste - hier klicken für Start der Markierung
A143: 38 | D143: Belegliste der Maßnahme / Gesamtausgaben * | K143: i | AA143: 1495.5 | AD143: GESAMTSUMME AUSGABEN (Summe aus Belegliste)
K145: Nr. | N145: Ausgabe | U145: Betrag
D146: [jeden Beleg einzel eintragen, bei mehr als | K146: 1. | N146: Hausrechnung | U146: 1000
D147: 36 Positionen Belege in Kategorien wie z. B. | K147: 2. | N147: Nahrungsmittel | U147: 495.5
D151: Arbeiten mit dem "Copy and Paste" Bereich (Kopieren und Einfügen)
D153: Daten, die bereits bei der Beantragung im Arbeitsblatt
D154: "2 Antrag" eingetragen wurden, können
D155: kopiert und in das Arbeitsblatt
D156: "3.1 Abrechnung-DATEN" eingefügt werden. Dazu
D157: kann der "Copy and Paste" Bereich genutzt werden.
D158: Der Copy and Paste Bereich (C & P Bereich) enthält
D159: die für die Beantragung und Abrechnung relevanten
D160: Maßnahmen-Daten. Der C & P Bereich hat eine hell-
D161: braune Füllfarbe und einen dunkelbraunen Rahmen,
D162: er ist in den beiden Arbeitsblättern identisch um das
D163: Kopieren in Arbeitsblätter anderer Excel-Dateien der
... D191: Für den Ausdruck des Abrechnungsformulars inkl. Anlage "Finanzen" ist folgendes Arbeitsblatt vorgesehen:
J193: 3.2 Abrechnung-DRUCK | L193: für den Ausdruck des Abrechnungsformulars inkl. Anlage Finanzen (2 Seiten)
D195: Beim Ausdrucken des Formulars ist darauf zu achten, dass die Seiten im Hochformat gedruckt werden und jede Seite vollständig auf ein Blatt passt.
D196: Werden die Seiten nicht vollständig auf ein Blatt ausgedruckt, sind die Einstellungen für den Druck anzupassen.
D197: Die Formulare müssen nach dem Ausdrucken unterschrieben werden.
D199: Anpassen der Einstellungen für den Druck
D201: Die Einstellungen für den Druck können wie folgt angepasst werden.
J203: 1. Schritt: mit dem Mauszeiger links oben auf "Datei" klicken 2. Schritt: mit dem Mauszeiger auf "Drucken" klicken
D221: Es öffnen sich die Einstellungen für das Drucken, die hier verändert werden können. Für ein gutes Druckergebnis sollten folgende Optionen gewählt werden: "Einseitige Druck", "Hochformat", "A4".
D222: In der Druckvorschau ist ersichtlich, ob die gewünschten Inhalte auf eine Seite gedruckt werden.
D223: Gibt es einen ungewünschten Seitenumbruch kann die Druckseite verkleinert werden, so dass sie auf einem Blatt gedruckt wird.
J225: 3. Schritt: mit dem Mauszeiger auf die Saklierungsoptionen klicken 4. Schritt: "Blatt auf einer Seite darstellen" wählen
D250: Informationen zu den benötigten Daten und zum Regelwerk des Kreisjugendrings
K252: i | M252: Felder, die mit einem Info-Zeichen gekennzeichnet sind, bieten Informationen zur Eingabe von Daten und zum Regelwerk des Kreisjugendrings.
M253: Mit dem Mauszeiger auf das Infozeichen zeigen (anklicken nicht nötig), anschließen öffnet sich das Kommentarfeld mit den Informationen.

Sheet 1 Antragsteller-DATEN
D3: STAMMDATEN - Antragsteller [Träger der Maßnahme] - Richtlinie A 2026
W4: ='ROHDATEN und ADRESSEN'!B17 -> Dateiversion: 15.12.2025
D7: 1. Adressat und Fristen für Anträge und Abrechnungen der Richtlinie A
D9: Damit die Anträge und Abrechnungen für die Richtlinie A an den richtigen Adressaten gerichtet werden
D10: können, ist der Status des Antragstellers (Träger der Maßnahme) festzustellen.
D12: Handelt es sich beim Antragsteller um
E14: - einen Mitgliedsverband des Kreisjugendrings Main-Taunus bzw. um eine Untergliederung davon?
E15: dann sind die Anträge und Abrechnungen einzelner Maßnahmen an den zuständigen
E16: Mitgliedsverband (Kreisverband) zu richten
E18: - einen sonstigen freien Träger der Jugendhilfe?
E19: dann sind die Anträge und Abrechnungen einzelner Maßnahmen direkt an
E20: den Kreisjugendring Main-Taunus zu richten
D22: Ist der der Antragsteller ein Mitgliedsverband oder eine Untergliederungen eines Mitgliedsverbandes
D23: des Kreisjugendrings Main-Taunus?
D26: Liste der Mitgliedsverbände und Zuständigkeiten prüfen! | W26: Mitgliedsverbände des KJR MTK (zuständig für Anträge und Abrechnungen für die Richtlinie A ihrer Untergliederungen) BDKJ - Bund der Katholischen Jugend inkl. Anträge von katholischen Kichengemeinden, der Kolping-Jugend, der DPSG, der CAJ, der KJG, der katholischen Landjugend u.a. BDP MTK - Bund Deutscher Pfadfinder_innen Main Taunus Kreis BdP Vaganten - Bund der Pfadfinderinnen und Pfadfinder - Stamm der Vaganten Deutsche Waldjugend - Deutsche Waldjugend Kelkheim DLRG-Jugend - DLRG Jugend Bezirk Main inkl. Anträge aller Ortsgruppen und Ortsverbände im MTK Evangelische Jugend - Evangelische Jugend im Dekanat Kronberg inkl. Anträge von evangelischen Kichengemeinden, des VCP, des CVJM, des EC u.a. Jugendrotkreuz - Jugendrotkreuz, DRK Kreisverband Main-Taunus inkl. Anträge aller Ortsverbände im MTK Kreisjugendfeuerwehr - Kreisjugendfeuerwehr Main Taunus inkl. Anträge aller Jugendfeuerwehren im MTK Sportkreisjugend - Sportkreisjugend, Sportkreis Main-Taunus inkl. Anträge aller Sportvereine im MTK THW-Jugend - THW-Jugend, Technisches Hilfswerk OV Hofheim Wilde Rose - Wilde Rose, Interkulturelles Netzwerk
D29: Nichts Passendes gefunden? Dann handelt es sich um einen sonstigen freien Träger der Jugendhilfe.
D30: [Im Zweifel beim Kreisjugendring Main-Taunus nachfragen!]
A32: 1 | D32: Mitgliedsverband wählen, sonstige freie Träger müssen "Sonstige Träger" wählen [Dropdown]
D34: "MEIN" Adressat für Anträge und Abrechnungen:
A36: 2 | D36: Bezeichnung | I36: =IF($I$32="","",VLOOKUP($I$32,'ROHDATEN und ADRESSEN'!$B$2:$L$14,4,0))
A38: 3 | D38: Adresszusatz | I38: =IF($I$32="","",VLOOKUP($I$32,'ROHDATEN und ADRESSEN'!$B$2:$L$14,5,0))
A40: 4 | D40: Straße | I40: =IF($I$32="","",VLOOKUP($I$32,'ROHDATEN und ADRESSEN'!$B$2:$L$14,6,0))
A42: 5 | D42: PLZ, Ort | I42: =IF($I$32="","",VLOOKUP($I$32,'ROHDATEN und ADRESSEN'!$B$2:$L$14,7,0)) | L42: =IF($I$32="","",VLOOKUP($I$32,'ROHDATEN und ADRESSEN'!$B$2:$L$14,8,0))
I43: PLZ | L43: Ort
A45: 4 | D45: eMail | I45: =IF($I$32="","",VLOOKUP($I$32,'ROHDATEN und ADRESSEN'!$B$2:$L$14,9,0))
D47: Fristen Richtlinie A
A49: 6 | D49: Posteingang für Anträge | I49: =IF($I$32="","",VLOOKUP($I$32,'ROHDATEN und ADRESSEN'!$B$2:$L$14,10,0))
A51: 7 | D51: Posteingang für Abrechnungen | I51: =IF($I$32="","",VLOOKUP($I$32,'ROHDATEN und ADRESSEN'!$B$2:$L$14,11,0))
D55: 2. Antragsteller [Träger der Maßnahme]
A57: 8 | D57: Namen [Träger der Maßnahme]
A59: 9 | D59: Abteilung / Kirchort
A61: 10 | D61: Zusatz
A63: 11 | D63: Straße
A65: 12 | D65: PLZ, Ort
I66: PLZ | L66: Ort
D70: 3. Kontaktperson
A72: 13 | D72: Vorname, Name
I73: Vorname | N73: Name
A75: 14 | D75: Telefon
A77: 15 | D77: eMail
D81: 4. Bankverbindung
A83: 16 | D83: Kontoinhaber
A85: 17 | D85: IBAN
A87: 18 | D87: Verwendungszweck / Haushaltsstelle

Sheet 2 Antrag
D3: Antrag auf Förderung einer Freizeitmaßnahme - Richtlinie A 2026
AD4: ='ROHDATEN und ADRESSEN'!B17 -> Dateiversion: 15.12.2025
C6: *Bei der Beantragung ist die Dateneingabe in den dunkelgrau markierten Zeilen erforderlich (sofern zutreffend)
D9: Antrag
E11: [Anträge sind in digitaler Form einzureichen, hierfür muss diese Excel-Datei per eMail an die Antragsstelle übermittelt werden. Zusätzlich zu diesem Arbeitsblatt bitte auch das Arbeitsblatt "1 Antragsteller-DATEN" ausfüllen!]
G13: Wir beantragen für diese Freizeitmaßnahme einen Förderung nach Richtlinie A des Kreisjugendring Main-Taunus.
G15: Wir bestätigen rechtsverbindlich
J17: dass die Fördergrundsätze des KJR zutreffen, insb. dass es sich um eine Veranstaltung handelt, die nicht überwiegend religiösen, sportlichen oder parteipolitischen Charakter hat und nicht von einer Schule veranstaltet wird.
J20: dass ein Schutzkonzept vorhanden ist und alle Betreuer*innen einen Verhaltenskodex unterzeichnet haben.
J23: dass nur Betreuer*innen eingesetzt werden, von denen ein erweitertes Führungszeugnis vorgelegt wurde, das keine relevanten Eintragungen aufweist (Pflicht nach § 72a SGB VIII).
J26: dass die Maßnahme fristgerecht gemäß des gültigen Regelwerkes des KJR MTK abgerechnet wird.
G28: Wir beantragen zusätzlich die Individualförderungen für Kinder und Jugendliche aus finanzschwachen Familien.
G30: Wir bestätigen rechtsverbindlich
J32: dass die individuell geförderten Teilnehmer*innen förderungswürdig gemäß Punkt A.3.2 der Richtlinie A sind und uns eine Bestätigung über die finanzielle Notlage vorliegt, z. B. in Form einer Bescheinigung über den Bezug von Bürgergeld oder ALG I.
A35: 1 | D35: Ort *
A37: 2 | D37: Datum *
A39: 3 | D39: Name/n in Druckbuchstabe, Funktion/en *
D43: Veranstaltung | N43: Zu Beginn der Bearbeitung die Daten im Arbeitsblatt "1 Antragsteller-DATEN" eintragen! | AA43: Automatische Berechnungen von Daten
A45: 4 | D45: Antrag Nr. | K45: i | N45: 1
M47: C & P Bereich Richtlinie A - hier klicken für Start der Markierung
A49: 5 | D49: Antragsteller [Träger der Maßnahme] *
N50: Träger der Maßnahme
A52: 6 | D52: Titel der Maßnahme *
N53: Titel der Maßnahme
A55: 7 | D55: Status der Maßnahme [Dropdown] | K55: i
A57: 8 | D57: Art der Maßnahme * [Dropdown] | K57: i
A59: 9 | D59: Datum / Veranstaltungstage * | K59: i | N59: 46023 | P59: - | AA59: =_xlfn.IFS(N59="",0,Q59="",1,TRUE,Q59-N59+1) -> 1 | AD59: Tag[e]
N60: am / von | Q60: bis
A62: 10 | D62: Unterkunft (Haus, Zeltplatz etc.) * | K62: i
A64: 11 | D64: Straße
A66: 12 | D66: PLZ Ort *
N67: PLZ | Q67: Ort
A69: 13 | D69: Land *
D73: Personen | K73: i | AA73: Automatische Berechnungen von Daten bzw. Überprüfungen der Eingaben
A75: 14 | D75: Förderfähige Teilnehmer*innen * | K75: i | AA75: =N75+Q75+U75 -> 0 | AD75: Förderfähige Teilnehmer*innen - gesamt
N76: weibl. | Q76: männl. | U76: divers
A78: 15 | D78: davon Teilnehmer*innen mit Individualförderung * | K78: i | Q78: davon Teilnehmer*innen mit Individualförderung | AA78: =IF(N78>(AA75/2)," Die Anzahl der maximal förderfähigen Teilnehmen*innen mit Individualförderung ist überschritten!","")
A80: 16 | D80: Förderfähige Betreuer*innen * | K80: i | Q80: Förderfähige Betreuer*innen | AA80: =IF(OR(N80="",N80=0),"",IF(AND(AA75>14,N80<=ROUNDUP(AA75/7,0)),"",IF(AND(AND(AA75<15,AA75>=3),N80<3),""," Die Anzahl der maximal förderfähigen Betreuer*innen ist überschritten!")))
A82: 17 | D82: Zusätzliche Betreuer*innen * | K82: i | Q82: Zusätzliche Betreuer*innen | AA82: =IF(AND(N82>0,N84="")," Zusätzliche Betreuer*innen müssen begründet werden!","")
A84: 18
N85: Begründung zusätzliche Betreuer*innen (max. 80 Zeichen)
A87: 19 | D87: Personen mit Honorar | K87: i | Q87: Personen mit Honorar
A89: 20 | D89: Sonstige Personen ohne Förderung | K89: i | Q89: Sonstige Personen ohne Förderung | AA89: =N75+Q75+U75+N80+N82+N87+N89 -> 0 | AD89: GESAMTZAHL PERSONEN (Zahl identisch mit Teilnahmeliste)
D93: Individualförderung | K93: i | AA93: Überprüfung der Eingabe
A95: 21 | D95: Beantragter Zuschuss Individualförderung insg. * | K95: i | N95: 0 | Q95: Beantragter Zuschuss Individualförderung | AA95: =IF(AND(N95<>0,N78=0)," Die Zahl der individuell geförderten Teilnehmen*innen muss unter Personen eingegeben werden!","")
AA96: =IF(AND(N95<>0,N102=0)," Der reguläre Teilnahmebeitrag muss unter Einnahmen eingegeben werden!","")
D100: Einnahmen [ohne Zuschüsse KJR MTK] | K100: i | AA100: Automatische Berechnungen von Daten
A102: 22 | D102: Reguläre Teilnahmebeiträge * | K102: i | N102: 0 | Q102: 0 | AA102: =N102*Q102 -> 0 | AD102: Gesamtbetrag reguläre Teilnahmebeiträge
N103: Regulärer Beitrag | Q103: Anzahl
A105: 23 | D105: Reduzierte Teilnahmebeiträge 1 [Dropdown] | K105: i | N105: 0 | Q105: 0 | AA105: =N105*Q105 -> 0 | AD105: Gesamtbetrag reduzierte Teilnahmebeiträge 1
N106: Reduzierter Beitrag 1 | Q106: Anzahl
A107: 24
N108: Bezeichnung reduzierte Teilnahmebeiträge 1
A110: 25 | D110: Reduzierte Teilnahmebeiträge 2 [Dropdown] | K110: i | N110: 0 | Q110: 0 | AA110: =N110*Q110 -> 0 | AD110: Gesamtbetrag reduzierte Teilnahmebeiträge 2
N111: Reduzierter Beitrag 2 | Q111: Anzahl
A112: 26
N113: Bezeichnung reduzierte Teilnahmebeiträge 2
A115: 27 | D115: Reduzierte Teilnahmebeiträge 3 [Dropdown] | K115: i | N115: 0 | Q115: 0 | AA115: =N115*Q115 -> 0 | AD115: Gesamtbetrag reduzierte Teilnahmebeiträge 3
N116: Reduzierter Beitrag 3 | Q116: Anzahl
A117: 28
N118: Bezeichnung reduzierte Teilnahmebeiträge 3
A120: 29 | D120: Reduzierte Teilnahmebeiträge 4 [Dropdown] | K120: i | N120: 0 | Q120: 0 | AA120: =N120*Q120 -> 0 | AD120: Gesamtbetrag reduzierte Teilnahmebeiträge 4
N121: Reduzierter Beitrag 4 | Q121: Anzahl
A122: 30
N123: Bezeichnung reduzierte Teilnahmebeiträge 4
A125: 31 | D125: Reduzierte Teilnahmebeiträge 5 [Dropdown] | K125: i | N125: 0 | Q125: 0 | AA125: =N125*Q125 -> 0 | AD125: Gesamtbetrag reduzierte Teilnahmebeiträge 5
N126: Reduzierter Beitrag 5 | Q126: Anzahl
A127: 32
N128: Bezeichnung reduzierte Teilnahmebeiträge 5
A130: 33 | D130: Öffentliche Zuschüsse | K130: i | U130: 0
N131: Bezeichnung öffentliche Zuschüsse | U131: Betrag
A133: 34 | D133: Sonstige Zuschüsse | K133: i | U133: 0
N134: Bezeichnung sonstige Zuschüsse | U134: Betrag
A136: 35 | D136: Sonstige Einnahmen 1 | K136: i | U136: 0
N137: Bezeichnung sonstige Einnahmen 1 | U137: Betrag
A139: 36 | D139: Sonstige Einnahmen 2 | K139: i | U139: 0 | AA139: =AA102+AA105+AA110+AA115+AA120+AA125+U130+U133+U136+U139 -> 0 | AD139: GESAMTSUMME EINNAHMEN
N140: Bezeichnung sonstige Einnahmen 2 | U140: Betrag
D144: Ausgaben / Kosten | K144: i | AA144: Automatische Berechnungen von Daten
A146: 37 | D146: Höhe der Honorarkosten * | K146: i | U146: 0
U147: Honorarkosten
M149: C & P Bereich Richtlinie A - Ende der Markierung
M151: C & P Bereich Belegliste - hier klicken für Start der Markierung
A152: 38 | D152: Belegliste der Maßnahme / Gesamtausgaben | K152: i | AA152: =SUM(U155:U190) -> 0 | AD152: GESAMTSUMME AUSGABEN (Summe aus Belegliste)
K154: Nr. | N154: Ausgabe | U154: Betrag
D155: [jeden Beleg einzel eintragen, bei mehr als | K155: 1. | U155: 0
D156: 36 Positionen Belege in Kategorien wie z. B. | K156: 2. | U156: 0
D157: Übernachtung, Nahrungsmittel, Reisekosten, | K157: 3. | U157: 0
D158: Programmkosten, Honorare, Versicherungen etc. | K158: 4. | U158: 0
D159: zusammenfassen und als separate Liste beifügen] | K159: 5. | U159: 0
K160: 6. | U160: 0
K161: 7. | U161: 0
K162: 8. | U162: 0
K163: 9. | U163: 0
K164: 10. | U164: 0
K165: 11. | U165: 0
K166: 12. | U166: 0
K167: 13. | U167: 0
K168: 14. | U168: 0
K169: 15. | U169: 0
K170: 16. | U170: 0
...

Sheet 3.1 Abrechnung-DATEN
D3: DATEN - Abrechnung einer Freizeitmaßnahme - Richtlinie A 2026
AD4: ='ROHDATEN und ADRESSEN'!B17 -> Dateiversion: 15.12.2025
C6: *Bei der Abrechnung ist die Dateneingabe in den dunkelgrau markierten Zeilen erforderlich (sofern zutreffend)
D9: Abrechnung
E11: [Abrechnungen sind in Papierform einzureichen, hierfür ist das Abrechnungsformular inkl. Anlage "Finanzen" auszudrucken und gemeinsam mit den weiteren Unterlagen in Paierform an die Abrechnungsstelle zu senden.]
G15: Wir bestätigen rechtsverbindlich
J17: dass sämtliche erhaltene Zuschüsse zur Senkung der Teilnahmebeiträge dienen.
J20: dass ein Schutzkonzept vorhanden ist und alle Betreuer*innen einen Verhaltenskodex unterzeichnet haben.
J23: dass nur Betreuer*innen eingesetzt wurden, von denen ein erweitertes Führungszeugnis vorgelegt wurde, das keine relevanten Eintragungen aufweist (Pflicht nach § 72a SGB VIII).
J26: dass die Originalbelege zu Prüfzwecken bei uns eingesehen werden können und 10 Jahre ordnungsgemäß aufbewahrt werden.
G30: Bei Individualförderung bestätigen wir zusätzlich rechtsverbindlich
J32: dass die individuell geförderten Teilnehmer*innen förderungswürdig gemäß Punkt A.3.2 der Richtlinie A sind und uns eine Bestätigung über die finanzielle Notlage vorliegt, z. B. in Form einer Bescheinigung über den Bezug von Bürgergeld oder ALG I.
A35: 1 | D35: Ort *
A37: 2 | D37: Datum *
A39: 3 | D39: Name/n in Druckbuchstabe, Funktion/en *
D43: Veranstaltung | N43: Zu Beginn der Bearbeitung die Daten im Arbeitsblatt "1 Antragsteller-DATEN" eintragen! | AA43: Automatische Berechnungen von Daten
A45: 4 | D45: Antrag Nr. | K45: i | N45: 1
M47: C & P Bereich Richtlinie A - hier klicken für Start der Markierung
A49: 5 | D49: Antragsteller [Träger der Maßnahme] *
N50: Träger der Maßnahme
A52: 6 | D52: Titel der Maßnahme *
N53: Titel der Maßnahme
A55: 7 | D55: Status der Maßnahme * [Dropdown] | K55: i
A57: 8 | D57: Art der Maßnahme * [Dropdown] | K57: i
A59: 9 | D59: Datum / Veranstaltungstage * | K59: i | N59: 46023 | P59: - | AA59: =_xlfn.IFS(N59="",0,Q59="",1,TRUE,Q59-N59+1) -> 1 | AD59: Tag[e]
N60: am / von | Q60: bis
A62: 10 | D62: Unterkunft (Haus, Zeltplatz etc.) * | K62: i
A64: 11 | D64: Straße
A66: 12 | D66: PLZ Ort *
N67: PLZ | Q67: Ort
A69: 13 | D69: Land *
D73: Personen | K73: i | AA73: Automatische Berechnungen von Daten bzw. Überprüfungen der Eingaben
A75: 14 | D75: Förderfähige Teilnehmer*innen * | K75: i | AA75: =N75+Q75+U75 -> 0 | AD75: Förderfähige Teilnehmer*innen - gesamt
N76: weibl. | Q76: männl. | U76: divers
A78: 15 | D78: davon Teilnehmer*innen mit Individualförderung * | K78: i | Q78: davon Teilnehmer*innen mit Individualförderung | AA78: =IF(N78>(AA75/2)," Die Anzahl der maximal förderfähigen Teilnehmen*innen mit Individualförderung ist überschritten!","")
A80: 16 | D80: Förderfähige Betreuer*innen * | K80: i | Q80: Förderfähige Betreuer*innen | AA80: =IF(OR(N80="",N80=0),"",IF(AND(AA75>14,N80<=ROUNDUP(AA75/7,0)),"",IF(AND(AND(AA75<15,AA75>=3),N80<3),""," Die Anzahl der maximal förderfähigen Betreuer*innen ist überschritten!")))
A82: 17 | D82: Zusätzliche Betreuer*innen * | K82: i | Q82: Zusätzliche Betreuer*innen | AA82: =IF(AND(N82>0,N84="")," Zusätzliche Betreuer*innen müssen begründet werden!","")
A84: 18
N85: Begründung zusätzliche Betreuer*innen (max. 80 Zeichen)
A87: 19 | D87: Personen mit Honorar * | K87: i | Q87: Personen mit Honorar
A89: 20 | D89: Sonstige Personen ohne Förderung * | K89: i | Q89: Sonstige Personen ohne Förderung | AA89: =N75+Q75+U75+N80+N82+N87+N89 -> 0 | AD89: GESAMTZAHL PERSONEN (Zahl identisch mit Teilnahmeliste)
D93: Individualförderung | K93: i | AA93: Überprüfung der Eingabe
A95: 21 | D95: Beantragter Zuschuss Individualförderung insg. | K95: i | N95: 0 | Q95: Beantragter Zuschuss Individualförderung | AA95: =IF(AND(N95<>0,N78=0)," Die Zahl der individuell geförderten Teilnehmen*innen muss unter Personen eingegeben werden!","")
AA96: =IF(AND(N95<>0,N102=0)," Der reguläre Teilnahmebeitrag muss unter Einnahmen eingegeben werden!","")
D100: Einnahmen [ohne Zuschüsse KJR MTK] | K100: i | AA100: Automatische Berechnungen von Daten
A102: 22 | D102: Reguläre Teilnahmebeiträge * | K102: i | N102: 0 | Q102: 0 | AA102: =N102*Q102 -> 0 | AD102: Gesamtbetrag reguläre Teilnahmebeiträge
N103: Regulärer Beitrag | Q103: Anzahl
A105: 23 | D105: Reduzierte Teilnahmebeiträge 1 * [Dropdown] | K105: i | N105: 0 | Q105: 0 | AA105: =N105*Q105 -> 0 | AD105: Gesamtbetrag reduzierte Teilnahmebeiträge 1
N106: Reduzierter Beitrag 1 | Q106: Anzahl
A107: 24
N108: Bezeichnung reduzierte Teilnahmebeiträge 1
A110: 25 | D110: Reduzierte Teilnahmebeiträge 2 * [Dropdown] | K110: i | N110: 0 | Q110: 0 | AA110: =N110*Q110 -> 0 | AD110: Gesamtbetrag reduzierte Teilnahmebeiträge 2
N111: Reduzierter Beitrag 2 | Q111: Anzahl
A112: 26
N113: Bezeichnung reduzierte Teilnahmebeiträge 2
A115: 27 | D115: Reduzierte Teilnahmebeiträge 3 * [Dropdown] | K115: i | N115: 0 | Q115: 0 | AA115: =N115*Q115 -> 0 | AD115: Gesamtbetrag reduzierte Teilnahmebeiträge 3
N116: Reduzierter Beitrag 3 | Q116: Anzahl
A117: 28
N118: Bezeichnung reduzierte Teilnahmebeiträge 3
A120: 29 | D120: Reduzierte Teilnahmebeiträge 4 * [Dropdown] | K120: i | N120: 0 | Q120: 0 | AA120: =N120*Q120 -> 0 | AD120: Gesamtbetrag reduzierte Teilnahmebeiträge 4
N121: Reduzierter Beitrag 4 | Q121: Anzahl
A122: 30
N123: Bezeichnung reduzierte Teilnahmebeiträge 4
A125: 31 | D125: Reduzierte Teilnahmebeiträge 5 * [Dropdown] | K125: i | N125: 0 | Q125: 0 | AA125: =N125*Q125 -> 0 | AD125: Gesamtbetrag reduzierte Teilnahmebeiträge 5
N126: Reduzierter Beitrag 5 | Q126: Anzahl
A127: 32
N128: Bezeichnung reduzierte Teilnahmebeiträge 5
A130: 33 | D130: Öffentliche Zuschüsse * | K130: i | U130: 0
N131: Bezeichnung öffentliche Zuschüsse | U131: Betrag
A133: 34 | D133: Sonstige Zuschüsse * | K133: i | U133: 0
N134: Bezeichnung sonstige Zuschüsse | U134: Betrag
A136: 35 | D136: Sonstige Einnahmen 1 * | K136: i | U136: 0
N137: Bezeichnung sonstige Einnahmen 1 | U137: Betrag
A139: 36 | D139: Sonstige Einnahmen 2 * | K139: i | U139: 0 | AA139: =AA102+AA105+AA110+AA115+AA120+AA125+U130+U133+U136+U139 -> 0 | AD139: GESAMTSUMME EINNAHMEN
N140: Bezeichnung sonstige Einnahmen 2 | U140: Betrag
D144: Ausgaben / Kosten | K144: i | AA144: Automatische Berechnungen von Daten
A146: 37 | D146: Höhe der Honorarkosten | K146: i | U146: 0
U147: Honorarkosten
M149: C & P Bereich Richtlinie A - Ende der Markierung
M151: C & P Bereich Belegliste - hier klicken für Start der Markierung
A152: 38 | D152: Belegliste der Maßnahme / Gesamtausgaben * | K152: i | AA152: =SUM(U155:U190) -> 0 | AD152: GESAMTSUMME AUSGABEN (Summe aus Belegliste)
K154: Nr. | N154: Ausgabe | U154: Betrag
D155: [jeden Beleg einzel eintragen, bei mehr als | K155: 1. | U155: 0
D156: 36 Positionen Belege in Kategorien wie z. B. | K156: 2. | U156: 0
D157: Übernachtung, Nahrungsmittel, Reisekosten, | K157: 3. | U157: 0
D158: Programmkosten, Honorare, Versicherungen etc. | K158: 4. | U158: 0
D159: zusammenfassen und als separate Liste beifügen] | K159: 5. | U159: 0
K160: 6. | U160: 0
K161: 7. | U161: 0
K162: 8. | U162: 0
K163: 9. | U163: 0
K164: 10. | U164: 0
K165: 11. | U165: 0
K166: 12. | U166: 0
K167: 13. | U167: 0
K168: 14. | U168: 0
K169: 15. | U169: 0
K170: 16. | U170: 0
K171: 17. | U171: 0
... K190: 36. | U190: 0
...

Sheet 3.2 Abrechnung-DRUCK
B2: ='ROHDATEN und ADRESSEN'!B17 -> Dateiversion: 15.12.2025 | X2: Träger der Maßnahme:
T3: Name | X3: =IF('1 Antragsteller-DATEN'!I57=0,"",'1 Antragsteller-DATEN'!I57)
T4: Abteilung/Kirchort | X4: =IF('1 Antragsteller-DATEN'!I59=0,"",'1 Antragsteller-DATEN'!I59)
T5: Zusatz | X5: =IF('1 Antragsteller-DATEN'!I61=0,"",'1 Antragsteller-DATEN'!I61)
T6: Straße | X6: =IF('1 Antragsteller-DATEN'!I63=0,"",'1 Antragsteller-DATEN'!I63)
T7: PLZ, Ort | X7: =IF('1 Antragsteller-DATEN'!I65=0,"",'1 Antragsteller-DATEN'!I65) | AA7: =IF('1 Antragsteller-DATEN'!L65=0,"",'1 Antragsteller-DATEN'!L65)
T8: Kontaktperson | X8: =IF('1 Antragsteller-DATEN'!I72=0,"",'1 Antragsteller-DATEN'!I72) | AB8: =IF('1 Antragsteller-DATEN'!N72=0,"",'1 Antragsteller-DATEN'!N72)
T9: Telefon | X9: =IF('1 Antragsteller-DATEN'!I75=0,"",'1 Antragsteller-DATEN'!I75)
T10: eMail | X10: =IF('1 Antragsteller-DATEN'!I77=0,"",'1 Antragsteller-DATEN'!I77)
C11: =IF('1 Antragsteller-DATEN'!I38=0,"",'1 Antragsteller-DATEN'!I36) | X11: Bankverbindung
C12: =IF(AND('1 Antragsteller-DATEN'!I38=0,'1 Antragsteller-DATEN'!I36=0),"",IF('1 Antragsteller-DATEN'!I38<>0,'1 Antragsteller-DATEN'!I38,'1 Antragsteller-DATEN'!I36)) | T12: Kontoinhaber | X12: =IF('1 Antragsteller-DATEN'!I83=0,"",'1 Antragsteller-DATEN'!I83)
C13: =IF('1 Antragsteller-DATEN'!I40=0,"",'1 Antragsteller-DATEN'!I40) | T13: IBAN | X13: =IF('1 Antragsteller-DATEN'!I85=0,"",'1 Antragsteller-DATEN'!I85)
C14: =IF('1 Antragsteller-DATEN'!I42=0,"",'1 Antragsteller-DATEN'!I42) | G14: =IF('1 Antragsteller-DATEN'!L42=0,"",'1 Antragsteller-DATEN'!L42) | T14: Haushaltsstelle/VWZ | X14: =IF('1 Antragsteller-DATEN'!I87=0,"",'1 Antragsteller-DATEN'!I87)
C17: Abrechnung einer Freizeitmaßnahme (Richtlinie A)
C19: =IF('3.1 Abrechnung-DATEN'!N52=0,"",'3.1 Abrechnung-DATEN'!N52) | V19: ='3.1 Abrechnung-DATEN'!N59 -> 46023 | X19: - | Y19: =IF('3.1 Abrechnung-DATEN'!Q59=0,"",'3.1 Abrechnung-DATEN'!Q59) | AC19: ='3.1 Abrechnung-DATEN'!AA59 -> 1 | AD19: Tag[e]
C20: Titel der Veranstaltung | V20: am / von | Y20: bis | AC20: inkl. An- u. Abreisetag
C22: =IF('3.1 Abrechnung-DATEN'!N62=0,"",'3.1 Abrechnung-DATEN'!N62) | M22: =IF('3.1 Abrechnung-DATEN'!N64=0,"",'3.1 Abrechnung-DATEN'!N64) | V22: =IF('3.1 Abrechnung-DATEN'!N66=0,"",'3.1 Abrechnung-DATEN'!N66) | W22: =IF('3.1 Abrechnung-DATEN'!Q66=0,"",'3.1 Abrechnung-DATEN'!Q66) | AB22: =IF('3.1 Abrechnung-DATEN'!N69=0,"",'3.1 Abrechnung-DATEN'!N69)
C23: Ort, Anschrift des Hauses, Zeltplatzes oder Ziel der Unternehmung
C25: Art der Maßnahme
F27: =IF('3.1 Abrechnung-DATEN'!N57=0,"",'3.1 Abrechnung-DATEN'!N57)
C31: Teilnehmende Personen
D33: ='3.1 Abrechnung-DATEN'!N75 -> 0 | F33: ='3.1 Abrechnung-DATEN'!Q75 -> 0 | H33: ='3.1 Abrechnung-DATEN'!U75 -> 0 | K33: Förderfähige Teilnehmer*innen [zw. 6 und 26 J. mit Wohnsitz im MTK] | T33: ='3.1 Abrechnung-DATEN'!N80 -> 0 | V33: Förderfähige Betreuer*innen [gemäß Schlüssel der Richtlinie]
D34: w | F34: m | H34: d
D36: davon | H36: ='3.1 Abrechnung-DATEN'!N78 -> 0 | K36: Teilnehmer*innen mit Individualförderung [zw. 6 und 20 J. mit Wohnsitz im MTK] | T36: ='3.1 Abrechnung-DATEN'!N82 -> 0 | V36: zusätzliche Betreuer*innen [z. B. wenn Behinderte mit erhöhtem Betreuungsbedarf teilnehmen]
H39: ='3.1 Abrechnung-DATEN'!N89 -> 0 | K39: sonstige Personen ohne Förderung | T39: ='3.1 Abrechnung-DATEN'!N87 -> 0 | V39: Personen mit Honorar [Honorarverträge wurden vor der Maßnahme abgeschlossen]
H42: ='3.1 Abrechnung-DATEN'!AA89 -> 0 | K42: Personen insgesamt [Zahl identisch mit Übernachtungsrechnungen]
K45: Begründung zusätzliche Betreuer*innen: | T45: =IF('3.1 Abrechnung-DATEN'!N84=0,"",'3.1 Abrechnung-DATEN'!N84)
C47: Finanzen (Details siehe Anlage Finanzen)
F49: Gesamteinnahmen | AC49: ='3.1 Abrechnung-DATEN'!AA139 -> 0
F50: Gesamtausgaben | AC50: ='3.1 Abrechnung-DATEN'!AA152 -> 0
F51: vorläufiges Ergebnis (ohne Zuschüsse des KJR MTK) | AC51: ='3.1 Abrechnung-DATEN'!AA139-'3.1 Abrechnung-DATEN'!AA152 -> 0
C53: Wir bestätigen mit rechtsverbindlicher Unterschrift (Punkte separat ankreuzen!)
F55: dass sämtliche erhaltene Zuschüsse zur Senkung der Teilnahmebeiträge dienen.
D56: =IF('3.1 Abrechnung-DATEN'!H17=0,"",'3.1 Abrechnung-DATEN'!H17)
F58: dass ein Schutzkonzept vorhanden ist und alle Betreuer*innen einen Verhaltenskodex unterzeichnet haben.
D59: =IF('3.1 Abrechnung-DATEN'!H20=0,"",'3.1 Abrechnung-DATEN'!H20)
F61: dass nur Betreuer*innen eingesetzt wurden, von denen ein erweitertes Führungszeugnis vorgelegt wurde, das keine relevanten Eintragungen aufweist (Pflicht nach § 72a SGB VIII).
D62: =IF('3.1 Abrechnung-DATEN'!H23=0,"",'3.1 Abrechnung-DATEN'!H23)
F64: dass die Originalbelege zu Prüfzwecken bei uns eingesehen werden können und 10 Jahre ordnungsgemäß aufbewahrt werden.
D65: =IF('3.1 Abrechnung-DATEN'!H26=0,"",'3.1 Abrechnung-DATEN'!H26)
F67: dass die individuell geförderten Teilnehmer*innen förderungswürdig gemäß Punkt A.3.2 der Richtlinie A sind und uns eine Bestätigung über die finanzielle Notlage vorliegt, z. B. in Form einer Bescheinigung über den Bezug von Bürgergeld oder ALG I.
D68: =IF('3.1 Abrechnung-DATEN'!H32=0,"",'3.1 Abrechnung-DATEN'!H32)
C71: Die unterschriebene Anlage "Finanzen", die Kopien der Kostenbelege und die Teilnahmeliste sind beigefügt.
C73: =IF('3.1 Abrechnung-DATEN'!N35=0,"",'3.1 Abrechnung-DATEN'!N35) | M73: =IF('3.1 Abrechnung-DATEN'!N37=0,"",'3.1 Abrechnung-DATEN'!N37) | AA73: =IF('3.1 Abrechnung-DATEN'!N39=0,"",'3.1 Abrechnung-DATEN'!N39)
C74: Ort | M74: Datum | R74: Unterschrift/en des Trägers | AA74: Name/n + Funktion (Druckbuchstaben)
B77: ='ROHDATEN und ADRESSEN'!B17 -> Dateiversion: 15.12.2025 | X77: Träger der Maßnahme:
T78: Name | X78: =IF('1 Antragsteller-DATEN'!I57=0,"",'1 Antragsteller-DATEN'!I57)
T79: Abteilung/Kirchort | X79: =IF('1 Antragsteller-DATEN'!I59=0,"",'1 Antragsteller-DATEN'!I59)
T80: Zusatz | X80: =IF('1 Antragsteller-DATEN'!I61=0,"",'1 Antragsteller-DATEN'!I61)
T81: PLZ, Ort | X81: =IF('1 Antragsteller-DATEN'!I65=0,"",'1 Antragsteller-DATEN'!I65) | AA81: =IF('1 Antragsteller-DATEN'!L65=0,"",'1 Antragsteller-DATEN'!L65)
C83: Anlage "Finanzen"
C84: zur Abrechnung einer Freizeitmaßnahme (Richtlinie A)
C86: =IF('3.1 Abrechnung-DATEN'!N52=0,"",'3.1 Abrechnung-DATEN'!N52) | V86: ='3.1 Abrechnung-DATEN'!N59 -> 46023 | X86: - | Y86: =IF('3.1 Abrechnung-DATEN'!Q59=0,"",'3.1 Abrechnung-DATEN'!Q59) | AC86: ='3.1 Abrechnung-DATEN'!AA59 -> 1 | AD86: Tag[e]
C87: Titel der Veranstaltung | V87: am / von | Y87: bis | AC87: inkl. An- u. Abreisetag
C89: =IF('3.1 Abrechnung-DATEN'!N62=0,"",'3.1 Abrechnung-DATEN'!N62) | M89: =IF('3.1 Abrechnung-DATEN'!N64=0,"",'3.1 Abrechnung-DATEN'!N64) | V89: =IF('3.1 Abrechnung-DATEN'!N66=0,"",'3.1 Abrechnung-DATEN'!N66) | W89: =IF('3.1 Abrechnung-DATEN'!N66=0,"",'3.1 Abrechnung-DATEN'!Q66) | AB89: =IF('3.1 Abrechnung-DATEN'!N69=0,"",'3.1 Abrechnung-DATEN'!N69)
C90: Ort, Anschrift des Hauses, Zeltplatzes oder Ziel der Unternehmung
C92: EINNAHMEN
D94: Teilnahmebeiträge
W95: Anzahl | Y95: Betrag | AC95: Gesamt
E97: Regulärer Teilnahmebeitrag (maximaler Teilnahmebeitrag) | W97: ='3.1 Abrechnung-DATEN'!Q102 -> 0 | Y97: ='3.1 Abrechnung-DATEN'!N102 -> 0 | AC97: ='3.1 Abrechnung-DATEN'!AA102 -> 0
E99: Reduzierter Teilnahmebeitrag 1 | N99: =IF('3.1 Abrechnung-DATEN'!N107="","",'3.1 Abrechnung-DATEN'!N107) | W99: ='3.1 Abrechnung-DATEN'!Q105 -> 0 | Y99: ='3.1 Abrechnung-DATEN'!N105 -> 0 | AC99: ='3.1 Abrechnung-DATEN'!AA105 -> 0
E100: Reduzierter Teilnahmebeitrag 2 | N100: =IF('3.1 Abrechnung-DATEN'!N112="","",'3.1 Abrechnung-DATEN'!N112) | W100: ='3.1 Abrechnung-DATEN'!Q110 -> 0 | Y100: ='3.1 Abrechnung-DATEN'!N110 -> 0 | AC100: ='3.1 Abrechnung-DATEN'!AA110 -> 0
E101: Reduzierter Teilnahmebeitrag 3 | N101: =IF('3.1 Abrechnung-DATEN'!N117="","",'3.1 Abrechnung-DATEN'!N117) | W101: ='3.1 Abrechnung-DATEN'!Q115 -> 0 | Y101: ='3.1 Abrechnung-DATEN'!N115 -> 0 | AC101: ='3.1 Abrechnung-DATEN'!AA115 -> 0
E102: Reduzierter Teilnahmebeitrag 4 | N102: =IF('3.1 Abrechnung-DATEN'!N122="","",'3.1 Abrechnung-DATEN'!N122) | W102: ='3.1 Abrechnung-DATEN'!Q120 -> 0 | Y102: ='3.1 Abrechnung-DATEN'!N120 -> 0 | AC102: ='3.1 Abrechnung-DATEN'!AA120 -> 0
E103: Reduzierter Teilnahmebeitrag 5 | N103: =IF('3.1 Abrechnung-DATEN'!N127="","",'3.1 Abrechnung-DATEN'!N127) | W103: ='3.1 Abrechnung-DATEN'!Q125 -> 0 | Y103: ='3.1 Abrechnung-DATEN'!N125 -> 0 | AC103: ='3.1 Abrechnung-DATEN'!AA125 -> 0
D105: Zuschüsse Dritter
E107: Öffentliche Zuschüsse [z. B. Stadt, Gemeinde] | Q107: =IF('3.1 Abrechnung-DATEN'!N130=0,"",'3.1 Abrechnung-DATEN'!N130) | AC107: ='3.1 Abrechnung-DATEN'!U130 -> 0
E108: Sonstige Zuschüsse [z. B. Verband] | Q108: =IF('3.1 Abrechnung-DATEN'!N133=0,"",'3.1 Abrechnung-DATEN'!N133) | AC108: ='3.1 Abrechnung-DATEN'!U133 -> 0
D110: Sonstige Einnahmen
E112: Sonstige Einnahmen 1 | Q112: =IF('3.1 Abrechnung-DATEN'!N136=0,"",'3.1 Abrechnung-DATEN'!N136) | AC112: ='3.1 Abrechnung-DATEN'!U136 -> 0
E113: Sonstige Einnahmen 2 | Q113: =IF('3.1 Abrechnung-DATEN'!N139=0,"",'3.1 Abrechnung-DATEN'!N139) | AC113: ='3.1 Abrechnung-DATEN'!U139 -> 0
D115: Gesamteinnahmen [vorläufig, ohne Zuschüsse des KJR MTK] | AC115: ='3.1 Abrechnung-DATEN'!AA139 -> 0
C117: AUSGABEN
D119: Belegliste [jeden Beleg einzel aufführen, bei mehr als 36 Positionen Kostenbelege zusammenfassen und separate Liste beifügen]
D121: Nr. | F121: Ausgabe | N121: Betrag | T121: Nr. | U121: Ausgabe | AC121: Betrag
D122: 1 | F122: =IF('3.1 Abrechnung-DATEN'!N155=0,"",'3.1 Abrechnung-DATEN'!N155) | N122: ='3.1 Abrechnung-DATEN'!U155 -> 0 | T122: 19 | U122: =IF('3.1 Abrechnung-DATEN'!N173=0,"",'3.1 Abrechnung-DATEN'!N173) | AC122: ='3.1 Abrechnung-DATEN'!U173 -> 0
D123: 2 | F123: =IF('3.1 Abrechnung-DATEN'!N156=0,"",'3.1 Abrechnung-DATEN'!N156) | N123: ='3.1 Abrechnung-DATEN'!U156 -> 0 | T123: 20 | U123: =IF('3.1 Abrechnung-DATEN'!N174=0,"",'3.1 Abrechnung-DATEN'!N174) | AC123: ='3.1 Abrechnung-DATEN'!U174 -> 0
D124: 3 | F124: =IF('3.1 Abrechnung-DATEN'!N157=0,"",'3.1 Abrechnung-DATEN'!N157) | N124: ='3.1 Abrechnung-DATEN'!U157 -> 0 | T124: 21 | U124: =IF('3.1 Abrechnung-DATEN'!N175=0,"",'3.1 Abrechnung-DATEN'!N175) | AC124: ='3.1 Abrechnung-DATEN'!U175 -> 0
D125: 4 | F125: =IF('3.1 Abrechnung-DATEN'!N158=0,"",'3.1 Abrechnung-DATEN'!N158) | N125: ='3.1 Abrechnung-DATEN'!U158 -> 0 | T125: 22 | U125: =IF('3.1 Abrechnung-DATEN'!N176=0,"",'3.1 Abrechnung-DATEN'!N176) | AC125: ='3.1 Abrechnung-DATEN'!U176 -> 0
D126: 5 | F126: =IF('3.1 Abrechnung-DATEN'!N159=0,"",'3.1 Abrechnung-DATEN'!N159) | N126: ='3.1 Abrechnung-DATEN'!U159 -> 0 | T126: 23 | U126: =IF('3.1 Abrechnung-DATEN'!N177=0,"",'3.1 Abrechnung-DATEN'!N177) | AC126: ='3.1 Abrechnung-DATEN'!U177 -> 0
D127: 6 | F127: =IF('3.1 Abrechnung-DATEN'!N160=0,"",'3.1 Abrechnung-DATEN'!N160) | N127: ='3.1 Abrechnung-DATEN'!U160 -> 0 | T127: 24 | U127: =IF('3.1 Abrechnung-DATEN'!N178=0,"",'3.1 Abrechnung-DATEN'!N178) | AC127: ='3.1 Abrechnung-DATEN'!U178 -> 0
D128: 7 | F128: =IF('3.1 Abrechnung-DATEN'!N161=0,"",'3.1 Abrechnung-DATEN'!N161) | N128: ='3.1 Abrechnung-DATEN'!U161 -> 0 | T128: 25 | U128: =IF('3.1 Abrechnung-DATEN'!N179=0,"",'3.1 Abrechnung-DATEN'!N179) | AC128: ='3.1 Abrechnung-DATEN'!U179 -> 0
D129: 8 | F129: =IF('3.1 Abrechnung-DATEN'!N162=0,"",'3.1 Abrechnung-DATEN'!N162) | N129: ='3.1 Abrechnung-DATEN'!U162 -> 0 | T129: 26 | U129: =IF('3.1 Abrechnung-DATEN'!N180=0,"",'3.1 Abrechnung-DATEN'!N180) | AC129: ='3.1 Abrechnung-DATEN'!U180 -> 0
D130: 9 | F130: =IF('3.1 Abrechnung-DATEN'!N163=0,"",'3.1 Abrechnung-DATEN'!N163) | N130: ='3.1 Abrechnung-DATEN'!U163 -> 0 | T130: 27 | U130: =IF('3.1 Abrechnung-DATEN'!N181=0,"",'3.1 Abrechnung-DATEN'!N181) | AC130: ='3.1 Abrechnung-DATEN'!U181 -> 0
D131: 10 | F131: =IF('3.1 Abrechnung-DATEN'!N164=0,"",'3.1 Abrechnung-DATEN'!N164) | N131: ='3.1 Abrechnung-DATEN'!U164 -> 0 | T131: 28 | U131: =IF('3.1 Abrechnung-DATEN'!N182=0,"",'3.1 Abrechnung-DATEN'!N182) | AC131: ='3.1 Abrechnung-DATEN'!U182 -> 0
D132: 11 | F132: =IF('3.1 Abrechnung-DATEN'!N165=0,"",'3.1 Abrechnung-DATEN'!N165) | N132: ='3.1 Abrechnung-DATEN'!U165 -> 0 | T132: 29 | U132: =IF('3.1 Abrechnung-DATEN'!N183=0,"",'3.1 Abrechnung-DATEN'!N183) | AC132: ='3.1 Abrechnung-DATEN'!U183 -> 0
D133: 12 | F133: =IF('3.1 Abrechnung-DATEN'!N166=0,"",'3.1 Abrechnung-DATEN'!N166) | N133: ='3.1 Abrechnung-DATEN'!U166 -> 0 | T133: 30 | U133: =IF('3.1 Abrechnung-DATEN'!N184=0,"",'3.1 Abrechnung-DATEN'!N184) | AC133: ='3.1 Abrechnung-DATEN'!U184 -> 0
... D139: 18 | F139: =IF('3.1 Abrechnung-DATEN'!N172=0,"",'3.1 Abrechnung-DATEN'!N172) | N139: ='3.1 Abrechnung-DATEN'!U172 -> 0 | T139: 36 | U139: =IF('3.1 Abrechnung-DATEN'!N190=0,"",'3.1 Abrechnung-DATEN'!N190) | AC139: ='3.1 Abrechnung-DATEN'!U190 -> 0
D141: Gesamtausgaben | AC141: ='3.1 Abrechnung-DATEN'!AA152 -> 0
C143: ERGEBNIS [vorläufig, ohne Zuschüsse des KJR MTK] | AC143: ='3.1 Abrechnung-DATEN'!AA139-'3.1 Abrechnung-DATEN'!AA152 -> 0
C145: Ich/wir bestätigen mit rechtsverbindlicher Unterschrift die Richtigkeit der gemachten Angaben.
C147: =IF('3.1 Abrechnung-DATEN'!N35=0,"",'3.1 Abrechnung-DATEN'!N35) | M147: =IF('3.1 Abrechnung-DATEN'!N37=0,"",'3.1 Abrechnung-DATEN'!N37) | AA147: =IF('3.1 Abrechnung-DATEN'!N39=0,"",'3.1 Abrechnung-DATEN'!N39)
C148: Ort | M148: Datum | R148: Unterschrift/en des Trägers | AA148: Name/n + Funktion (Druckbuchstaben)

Sheet ROHDATEN und ADRESSEN
A1: Adressaten Anträge & Abrechnungen DATEN | B1: Verband Name | C1: Verband Code | D1: Ansprechpartner*in | E1: Verband Bezeichnung | F1: Adresszusatz | G1: Strasse | H1: PLZ | I1: Ort | J1: eMail | K1: Frist Antrag RL A | L1: Frist Abrechnung RL A
B2: BDKJ | C2: BDKJ | D2: Cathrin Thrun | E2: Katholische Fachstelle für Jugendarbeit Taunus | G2: Vincenzstraße 29 | H2: 65719 | I2: Hofheim | J2: kfj.taunus@bistumlimburg.de | K2: bis 15.02.2026 | L2: 6 Wochen nach Abschluss der Maßnahme
B3: BDP MTK | C3: BDP | E3: Bund Deutscher PfadfinderInnen Main-Taunus | G3: Frankenstraße 44 | H3: 65824 | I3: Schwalbach | J3: beim Kreisverband erfragen | K3: beim Kreisverband erfragen | L3: Ende September bzw. Ende Dezember
B4: BdP Vaganten | C4: BdP | D4: Maximilian Beuß | E4: Bund der Pfadfinderinnen und Pfadfinder - Stamm der Vaganten | F4: c/o Maximilian Beuß | G4: Fuchstanzstraße 6 | H4: 65824 | I4: Schwalbach | J4: kasse@stammdervaganten.de | K4: beim Kreisverband erfragen | L4: beim Kreisverband erfragen
B5: Deutsche Waldjugend | C5: DWJ | E5: Deutsche Waldjugend Kelkheim | G5: Gundelhardstr. 51 a | H5: 65779 | I5: Kelkheim | J5: beim Kreisverband erfragen | K5: beim Kreisverband erfragen | L5: beim Kreisverband erfragen
B6: DLRG-Jugend | C6: DLRG | D6: Wiebke Wienands | E6: DLRG-Jugend Bezirk Main | F6: c/o Wiebke Wienands | G6: Königsberger Str. 43 | H6: 65830 | I6: Kriftel | J6: kjr_mtk_zuschuesse@bez-main.dlrg-jugend.de | K6: bis 15.02.2026 | L6: 6 Wochen nach Abschluss der Maßnahme
B7: Evangelische Jugend | C7: EvJ | D7: Laura Weber | E7: Ev. Jugend im Dekanat Kronberg | G7: Händelstr. 52 | H7: 65812 | I7: Bad Soden | J7: beim Kreisverband erfragen | K7: beim Kreisverband erfragen | L7: beim Kreisverband erfragen
B8: Jugendrotkreuz | C8: JRK | E8: Jugendrotkreuz Main-Taunus | G8: Schmelzweg 5 | H8: 65719 | I8: Hofheim | J8: beim Kreisverband erfragen | K8: beim Kreisverband erfragen | L8: beim Kreisverband erfragen
B9: Kreisjugendfeuerwehr | C9: KJFW | E9: Kreisjugendfeuerwehr Main-Taunus | G9: Katharina-Kemmler-Str. 1 | H9: 65719 | I9: Hofheim | J9: beim Kreisverband erfragen | K9: beim Kreisverband erfragen | L9: beim Kreisverband erfragen
B10: Sportkreisjugend | C10: SKJ | D10: Kathrin Zimmermann | E10: Sportkreis Main-Taunus e.V. | G10: Schmelzweg 2 - 4 | H10: 65830 | I10: Kriftel | J10: info@sk-mtk.de | K10: bis 15.02.2026 | L10: 6 Wochen nach Abschluss der Maßnahme
B11: THW-Jugend | C11: THW | E11: THW-Jugend Hofheim | G11: Nordring 28 | H11: 65719 | I11: Hofheim | J11: beim Kreisverband erfragen | K11: beim Kreisverband erfragen | L11: beim Kreisverband erfragen
B12: Wilde Rose | C12: WR | D12: Ahmad Ahmad | E12: Wilde Rose e. V. | G12: Frankenstr. 44 | H12: 65824 | I12: Schwalbach | J12: beim Kreisverband erfragen | K12: beim Kreisverband erfragen | L12: beim Kreisverband erfragen
B13: Sonstige Träger | C13: KJR | E13: Kreisjugendring Main-Taunus e.V. | G13: Am Stegskreuz 8 | H13: 65719 | I13: Hofheim | J13: info@kjr-mtk.de | K13: bis 01.03.2026 | L13: 6 Wochen nach Abschluss der Maßnahme
B14: 0 | K14: beim Kreisverband erfragen | L14: beim Kreisverband erfragen
A16: Jahr | B16: 2026
A17: Dateiversion | B17: Dateiversion: 15.12.2025
